 Dungeon Crawl Stone Soup version 0.29-a0-821-g66395355a5 (webtiles) character file.

Game seed: 5738702566008788747

9688 iguanaiguana the Martial Artist (level 11, -2/112 HPs)
             Began as an Octopode Transmuter on July 8, 2022.
             Was an Elder of Sif Muna.
             Killed from afar by an electric eel (6 damage)
             ... with a bolt of electricity
             ... on level 11 of the Dungeon.
             The game lasted 00:39:12 (13216 turns).

iguanaiguana the Martial Artist (OpTm)             Turns: 13216, Time: 00:39:12

Health: -2/112     AC: 21    Str: 10    XL:     11   Next: 50%
Magic:  20/20      EV:  2    Int: 38    God:    Sif Muna [****..]
Gold:   89         SH:  0    Dex: 12    Spells: 12/22 levels left

rFire   . . .      SeeInvis .     - Unarmed
rCold   + . .      Faith    .   (no shield)
rNeg    . . .      Spirit   .   (helmet currently unavailable)
rPois   +          Reflect  .   z - amulet of magic regeneration
rElec   .          Harm     .   A - +6 ring of intelligence
rCorr   .          Rampage  .   C - ring of poison resistance
Will    .....      NoTele   +   E - ring of protection from fire
Stlth   ++++......              J - +6 ring of intelligence
HPRegen 0.28/turn               L - +4 ring of evasion
MPRegen 0.57/turn               P - +6 ring of intelligence
                                M - ring of ice
                                (no ring)

@: mighty, tree-form, wereblooded, corroded, on berserk cooldown, freezing
walls, hasted and slowed
A: stationary, stasis, torment immunity, boosted hp, almost no armour,
(amphibious), 8 rings, (camouflage 1), (gelatinous body 1), (nimble swimmer 1),
(tentacles)
a: Renounce Religion, Channel Magic, Forget Spell, Divine Exegesis


You were on level 11 of the Dungeon.
You worshipped Sif Muna.
Sif Muna was greatly pleased with you.
You were a tree.
You visited 1 branch of the dungeon, and saw 11 of its levels.
You also visited: Sewer and Bailey.

You collected 1321 gold pieces.
You spent 1232 gold pieces at shops.

Inventory:

Hand Weapons
 q - a +1 trident of freezing
Missiles
 j - 12 boomerangs (quivered)
 t - 8 curare-tipped darts
 v - 46 poisoned darts
 y - 2 throwing nets
Armour
 T - a +2 hat (melded)
Magical Staves
 a - a staff of cold
Jewellery
 z - an amulet of magic regeneration (around neck)
 A - a +6 ring of intelligence (left branch)
 C - a ring of poison resistance (right branch)
 E - a ring of protection from fire (on tentacle)
 J - a +6 ring of intelligence (on tentacle)
 L - a +4 ring of evasion (on tentacle)
 M - a ring of ice (on tentacle)
 P - a +6 ring of intelligence (on tentacle)
Wands
 l - a wand of mindburst (22)
 F - a wand of iceblast (8) {@v2}
 K - a wand of flame (19)
Scrolls
 c - 3 scrolls of brand weapon
 e - 2 scrolls of vulnerability
 f - 3 scrolls of amnesia
 h - a scroll of magic mapping {@r5}
 m - 8 scrolls of teleportation {@r3}
 n - 2 scrolls of poison
 p - a scroll of enchant armour
 r - 3 scrolls of fear
 s - 5 scrolls of enchant weapon
 u - 3 scrolls of blinking {@r4}
 D - a scroll of immolation
 G - 2 scrolls of fog
 I - a scroll of silence
 O - a scroll of identify {@r1}
Potions
 b - 2 potions of brilliance
 d - 3 potions of lignification
 g - 4 potions of ambrosia
 i - 11 potions of curing {@q1}
 k - 3 potions of mutation
 o - 2 potions of berserk rage
 w - 3 potions of magic
 x - 2 potions of cancellation
 B - 2 potions of attraction
 H - 2 potions of flight


   Skills:
 - Level 7.5 Fighting
 - Level 7.5 Dodging
 - Level 8.0 Stealth
 + Level 8.9 Unarmed Combat
 - Level 6.0 Spellcasting
 - Level 6.0 Transmutations
 - Level 6.0 Ice Magic


You had 12 spell levels left.
You knew the following spells:

 Your Spells              Type           Power      Damage    Failure   Level
a - Beastly Appendage     Tmut           100%       N/A       1%          1
b - Wereblood             Tmut           54%        N/A       1%          2
c - Frozen Ramparts       Ice            100%       1d12      1%          3
d - Ice Form              Ice/Tmut       71%        N/A       2%          4

Your spell library contained the following spells:

 Spells                   Type           Power      Damage    Failure   Level
 Freeze                   Ice            100%       1d11      1%          1
 Spider Form              Tmut/Pois      34%        N/A       2%          3
 Apportation              Tloc           22%        N/A       3%          1
 Necrotise                Necr           44%        1d6       3%          1
 Summon Small Mammal      Summ           44%        N/A       3%          1
 Static Discharge         Conj/Air       11%        3-5/arc   4%          2
 Confusing Touch          Hex            11%        N/A       9%          3
 Hailstorm                Conj/Ice       50%        3d11      9%          4
 Summon Ice Beast         Ice/Summ       50%        N/A       9%          4
 Yara's Violent Unravell  Hex/Tmut       17%        3d8       24%         5
 Dispel Undead            Necr           11%        3d9       30%         4
 Sticky Flame             Conj/Fire      11%        2d3       30%         4
 Freezing Cloud           Conj/Ice/Air   19%        6-21      36%         5
 Simulacrum               Ice/Necr       25%        N/A       80%         6
 Enfeeble                 Hex            5%         N/A       100%        7
 Polar Vortex             Ice            35%        N/A       100%        9


Dungeon Overview and Level Annotations

Branches:
Dungeon (11/15) Zot: 26922  Temple (0/1) D:5             Orc (0/2) D:10
  Sewer (visited)          Bailey (visited)
   Lair: D:8-11

Altars:
Dithmenos
Elyvilon
Gozag
Kikubaaqudgha
Makhleb
Nemelex Xobeh
Qazlal
Ru
Sif Muna
Trog
Vehumet
Wu Jian
Yredelemnul
The Shining One

Shops:
D:1 !   D:3 ?   D:7 =

Annotations:
D:9 Erolcha


Innate Abilities, Weirdness & Mutations

You are a tree.
Your roots penetrate the ground, keeping you stationary.
You cannot be teleported.
You are immune to unholy pain and torment.
Your maximum health is greatly increased.
You cannot wear most types of armour.
((You are amphibious.))
You can wear up to eight rings at the same time.
((Your skin changes colour to match your surroundings (Stealth+).))
((Your rubbery body absorbs attacks. (AC +1, EV +1)))
((You are camouflaged when in or above water. (Stealth+)))
((You have tentacles for arms and can constrict up to eight enemies at once.))


Message History

The ufetubus resists.
The wall freezes the ufetubus.
The wall freezes the hound!
You feel a bit better.
You kill the hound!
The wall freezes the hound.
The wall freezes the hellwing.
The hellwing hits you.
* * * LOW HITPOINT WARNING * * *
You smack the kobold demonologist!
You feel a bit better.
You kill the kobold demonologist!
The crimson imp disappears in a puff of smoke!
The shadow imp disappears in a puff of smoke!
The hellwing disappears in a puff of smoke!
The chaos spawn degenerates into a cloud of primal chaos!
The ufetubus disappears in a puff of smoke!
The wall freezes the hound.
You feel a bit better.
You kill the hound!
The electric eel shoots out a bolt of lightning at you!
The bolt of electricity hits the acid dragon!
The bolt of electricity hits you.
* * * LOW HITPOINT WARNING * * *
The wall freezes the kobold brigand.
You feel better. The acid dragon bites you!
* * * LOW HITPOINT WARNING * * *
The kobold is engulfed in seething chaos.
The wall freezes the kobold brigand!
You feel better. The acid dragon spits acid at you.
The splash of acid hits you!
* * * LOW HITPOINT WARNING * * *
The acid corrodes you!
The kobold is engulfed in seething chaos.
The kobold goes berserk!
The wall freezes the kobold brigand!
You smack the acid dragon!
The acid dragon is almost dead.
The electric eel shoots out a bolt of lightning at you!
The bolt of electricity hits the acid dragon!
The acid dragon dies!
The bolt of electricity hits you!
* * * LOW HITPOINT WARNING * * *
The bolt of electricity hits you.
You die...

#...≈≈≈≈ #...≈§≈.
.....≈.. #### ##..§.S
#....#..... #....#§K.#
#..)K).# #♣K†######
#........# #.§......#
.# #...##...# #######.
#...##...# #.......
#........# #.......
#...##...#
#......#####...######
##......#.......######


You could see a kobold brigand, an electric eel and 2 kobolds.

Vanquished Creatures
  A hydra (D:11)
  A tengu warrior (D:11)
  A kobold demonologist (D:11)
  A troll (D:11)
  A hornet (D:10)
  Grinder (D:3)
  Sigmund (D:3)
  A wyvern (D:8)
  5 yaks (D:7)
  A vampire (D:10)
  Grum (D:9)
  A steam dragon (D:7)
  An acid dragon (D:10)
  3 water moccasins
  Duvessa (D:6)
  A black bear (D:7)
  8 orc warriors
  A sky beast (D:6)
  4 ice beasts
  5 wolves
  3 ogres
  7 centaurs
  2 phantoms
  11 kobold brigands
  6 bullfrogs
  2 scorpions
  4 wights
  Dowan (D:6)
  5 killer bees (D:9)
  7 hounds
  Crazy Yiuf (D:3)
  A gnoll bouda (D:5)
  4 orc priests
  3 jellies
  Jessica (D:3)
  2 iguanas
  13 orc wizards
  11 adders
  7 gnolls
  3 river rats
  2 shadow imps (D:5)
  2 white imps
  An ufetubus (D:5)
  13 worms
  4 dart slugs
  65 orcs
  11 ball pythons
  10 endoplasms
  5 giant cockroaches
  8 goblins
  11 hobgoblins
  A jackal (D:8)
  A quokka (D:1)
  9 bats
  25 kobolds
  13 rats
315 creatures vanquished.

Vanquished Creatures (others)
  An acid dragon (D:11)
  A bullfrog (D:7)
2 creatures vanquished.

Grand Total: 317 creatures vanquished

Notes
Turn   | Place    | Note
-------+----------+-------------------------------------------
     0 | D:1      | iguanaiguana the Octopode Transmuter began the quest for
                  | the Orb.
     0 | D:1      | Reached XP level 1. HP: 13/13 MP: 3/3
   110 | D:1      | Reached skill level 1 in Stealth
   282 | D:1      | Found Ocre's Distillery.
   307 | D:1      | Reached XP level 2. HP: 18/18 MP: 3/5
   441 | D:1      | Learned a level 2 spell: Wereblood
   724 | D:1      | Found a faded altar of an unknown god.
  1334 | D:1      | Reached XP level 3. HP: 19/23 MP: 6/6
  1421 | D:1      | Bought a potion of curing for 30 gold pieces
  2288 | D:2      | Reached XP level 4. HP: 29/29 MP: 4/7
  3022 | D:3      | Noticed Jessica
  3030 | D:3      | Killed Jessica
  3168 | D:3      | Noticed Sigmund
  3249 | D:3      | Found Fylepeow's Magic Scroll Boutique.
  3294 | D:3      | Reached XP level 5. HP: 36/36 MP: 2/8
  3329 | D:3      | Found a glowing drain.
  3411 | Sewer    | Entered a sewer
  3414 | Sewer    | Noticed a kobold brigand
  3453 | Sewer    | Noticed a kobold brigand
  3465 | Sewer    | Killed a kobold brigand
  3517 | Sewer    | Noticed a kobold brigand
  3520 | Sewer    | Reached XP level 6. HP: 42/42 MP: 9/9
  3668 | Sewer    | Reached skill level 1 in Ice Magic
  3932 | Sewer    | Reached XP level 7. HP: 11/46 MP: 7/10
  3943 | Sewer    | Learned a level 3 spell: Frozen Ramparts
  4483 | D:3      | Bought a scroll of teleportation for 33 gold pieces
  4483 | D:3      | Bought a scroll of noise for 11 gold pieces
  4588 | D:3      | Found a sparkling altar of Nemelex Xobeh.
  4881 | D:3      | Noticed Grinder
  4887 | D:3      | Killed Grinder
  4888 | D:3      | Reached skill level 5 in Ice Magic
  4940 | D:3      | Identified a scroll of acquirement
  4942 | D:3      | Acquired a staff of cold
  5305 | D:3      | Found a runed translucent door.
  5306 | D:3      | Noticed Crazy Yiuf
  5534 | D:3      | Killed Crazy Yiuf
  5664 | D:3      | Killed Sigmund
  5665 | D:3      | Reached XP level 8. HP: 45/52 MP: 6/11
  5670 | D:3      | Learned a level 4 spell: Ice Form
  5798 | D:1      | Bought a potion of lignification for 30 gold pieces
  5798 | D:1      | Bought a potion of attraction for 30 gold pieces
  5798 | D:1      | Bought a potion of berserk rage for 50 gold pieces
  6245 | D:4      | Reached skill level 5 in Transmutations
  6307 | D:4      | Found a large runed translucent door.
  6308 | D:4      | Found a large runed translucent door.
  6327 | D:4      | Found an ancient bone altar of Kikubaaqudgha.
  6336 | D:4      | Found a shimmering blue altar of Sif Muna.
  6391 | D:4      | Became a worshipper of Sif Muna the Loreminder
  6932 | D:5      | Entered Level 5 of the Dungeon
  7041 | D:5      | Found a shadowy altar of Dithmenos.
  7077 | D:5      | Reached skill level 5 in Unarmed Combat
  7179 | D:5      | Found a white marble altar of Elyvilon.
  7650 | D:5      | Found a staircase to the Ecumenical Temple.
  7744 | D:5      | Reached * piety under Sif Muna
  7745 | D:5      | Reached XP level 9. HP: 38/56 MP: 7/12
  8236 | D:6      | Found a radiant altar of Vehumet.
  8316 | D:6      | Found a burning altar of Makhleb.
  8344 | D:6      | Noticed Duvessa
  8349 | D:6      | Noticed Dowan
  8359 | D:6      | Killed Duvessa
  8362 | D:6      | Killed Dowan
  8708 | D:3      | Bought a scroll of identify for 22 gold pieces
  8708 | D:3      | Bought a scroll of identify for 22 gold pieces
  8710 | D:3      | Bought 2 scrolls of fog for 44 gold pieces
  8710 | D:3      | Bought a scroll of teleportation for 33 gold pieces
  8710 | D:3      | Bought a scroll of teleportation for 33 gold pieces
  8781 | D:1      | Bought a potion of flight for 30 gold pieces
  9033 | D:6      | Found a runed translucent door.
  9360 | D:6      | Reached ** piety under Sif Muna
  9610 | D:7      | Reached skill level 5 in Dodging
  9654 | D:7      | Found a bloodstained altar of Trog.
  9731 | D:7      | Reached skill level 5 in Fighting
  9964 | D:7      | Reached XP level 10. HP: 68/68 MP: 6/13
 10275 | D:7      | Found Ceetoj's Jewellery Shop.
 10370 | D:7      | Found a basalt altar of Yredelemnul.
 10742 | D:8      | Found a flagged portal.
 10804 | Bailey   | Entered a bailey
 10862 | Bailey   | Reached *** piety under Sif Muna
 10959 | Bailey   | Found an iron altar of Okawaru.
 11077 | D:7      | Bought a +4 ring of evasion for 432 gold pieces
 11165 | D:8      | Found an opulent altar of Gozag.
 11272 | D:8      | Found a sacrificial altar of Ru.
 11512 | D:8      | Found a stormy altar of Qazlal.
 11521 | D:8      | Found an ornate altar of the Wu Jian Council.
 11699 | D:7      | Bought a +6 ring of intelligence for 432 gold pieces
 11790 | D:9      | Noticed Grum
 11794 | D:9      | Reached skill level 5 in Stealth
 11796 | D:9      | Killed Grum
 12118 | D:9      | Noticed Erolcha
 12143 | D:9      | Reached XP level 11. HP: 75/75 MP: 9/14
 12148 | D:10     | Entered Level 10 of the Dungeon
 12396 | D:10     | Found a staircase to the Orcish Mines.
 12499 | D:10     | Found a glowing golden altar of the Shining One.
 12796 | D:10     | Reached **** piety under Sif Muna
 13169 | D:11     | Noticed a six-headed hydra
 13175 | D:11     | Killed a six-headed hydra
 13176 | D:11     | Reached skill level 5 in Spellcasting
 13181 | D:11     | Noticed a tengu warrior
 13203 | D:11     | Killed a tengu warrior
 13216 | D:11     | HP: 4/112 [electric eel/bolt of electricity (11)]
 13216 | D:11     | Killed from afar by an electric eel

Illustrated notes

Levels and vault maps discovered:
D:1:      minmay_arrival_semitransparent, layout_loops_ring,
          shapermc_ecumenical_altar_acropolis, serial_shops, shop
D:2:      layout_loops_corners
D:3:      minmay_general_purpose_star, layout_rooms, nemelex_spade_bored_becter,
          serial_shops, shop, lightli_sewer_entry_pipes, st_stairs_9,
          dreamdust_mushroom_princess, minmay_pentangle, uniq_grinder,
          uniq_sigmund, uniq_jessica, uniq_crazy_yiuf_cottage
D:4:      layout_basic, jmf_multi_god_temple2, chequers_serial_rivers_micro_a,
          chequers_arboretum
D:5:      layout_cave_pools, nicolae_dithmenos_through_a_glass_darkly,
          mainiacjoe_overflow_catwalk, minmay_temple_entry_poolview,
          dk_noncrumbling_4, skrybe_limestone_x, minmay_joined_circles
D:6:      layout_basic, mainiacjoe_overflow_concentric_impassable,
          old_standard_altar, lightli_church_of_beogh, uniq_duvessa
D:7:      layout_basic, trog_hazing_becter, nicolae_overflow_crystal_walls,
          serial_shops, shop, grunt_ogre_cave
D:8:      layout_rooms, amcnicky_altar_gilded, mainiacjoe_overflow_tiny_flanked,
          nicolae_ru_great_annihilating_truth, nicolae_overflow_hidden_temple,
          nicolae_wu_jian_wuxing_cycle, enter_bailey_2
D:9:      layout_rooms, eat_drink_and_be_merry_uskayaw, minmay_statue_bubble,
          uniq_grum, uniq_erolcha
D:10:     layout_roguey, tso_metal_star
D:11:     layout_stronghold, erik_lair_island

Skill      XL: |  1  2  3  4  5  6  7  8  9 10 11 |
---------------+----------------------------------+-----
Stealth        | 2 8 |  8.0
Unarmed Combat | 4 6 8 |  8.9
Fighting       | 2 3 5 7 |  7.5
Dodging        | 3 5 7 |  7.5
Transmutations | 3 4 6 |  6.0
Ice Magic      | 3 6 |  6.0
Spellcasting   | 6 |  6.0

Action                   |  1- 3 |  4- 6 |  7- 9 | 10-12 || total
-------------------------+-------+-------+-------+-------++-------
Melee: Unarmed           |    77 |   119 |   224 |   159 ||   579
       Constrict         |    21 |    25 |    18 |     3 ||    67
       Tentacles         |    13 |    25 |    19 |     5 ||    62
       Kick              |    21 |    30 |    13 |     5 ||    69
       Punch             |     3 |     5 |     7 |     2 ||    17
Throw: Stone             |     4 |     4 |       |       ||     8
 Cast: Beastly Appendage |    26 |    13 |     8 |     1 ||    48
       Wereblood         |       |     7 |     5 |     8 ||    20
       Frozen Ramparts   |       |       |    41 |    22 ||    63
       Ice Form          |       |       |    21 |    21 ||    42
Evoke: Wand              |       |       |     6 |     7 ||    13
  Use: Scroll            |       |     8 |    11 |     6 ||    25
       Potion            |       |     2 |     2 |     7 ||    11
 Stab: Sleeping          |    10 |     4 |     6 |     2 ||    22
       Paralysed         |       |       |       |     1 ||     1
Armor: Skin              |    16 |    13 |    49 |   154 ||   232
Dodge: Dodged            |    46 |    49 |    94 |   126 ||   315

Table legend: (Time is in decaauts)
 A = Elapsed time spent in this place.
 B = Non-inter-level travel time spent in this place.
 C = Inter-level travel time spent in this place.
 D = Time resting spent in this place.
 E = Time spent auto-exploring this place.
 F = Levels seen in this place.
 G = Mean time per level.
                   A        B        C        D        E       F      G
               +--------+--------+--------+--------+--------+-----+--------+
         Total |  13160 |  12032 |   1128 |   1220 |   8848 |  13 | 1012.3 |
       Dungeon |  11942 |  10814 |   1128 |   1111 |   8073 |  11 | 1085.6 |
         Sewer |    992 |    992 |      0 |    109 |    641 |   1 |  992.0 |
        Bailey |    225 |    225 |      0 |      0 |    134 |   1 |  225.0 |
               +--------+--------+--------+--------+--------+-----+--------+

Top non-repeatable levels by time:
     D:3: 1766 daAuts
     D:2: 1656 daAuts
     D:1: 1637 daAuts
     D:4: 1268 daAuts
     D:7: 1249 daAuts
     D:5: 1119 daAuts
     D:6: 1034 daAuts
     D:8: 1019 daAuts
   Sewer: 992 daAuts
    D:10: 976 daAuts
  Bailey: 225 daAuts
     D:9: 139 daAuts
    D:11: 76 daAuts
